 Dungeon Crawl Stone Soup version 0.31.0-11-ge490571c62 (webtiles) character file.

Game seed: 8599243482138364150

60270 hikkokomori the Fighter (level 15, 0/122 HPs)
             Began as a Formicid Fighter on Jan 31, 2024.
             Was the Champion of the Shining One.
             Killed by divine providence
             ... invoked by an orc high priest
              (9 damage)
             ... on level 2 of the Orcish Mines.
             The game lasted 00:44:11 (17456 turns).

hikkokomori the Fighter (Formicid Fighter)         Turns: 17456, Time: 00:44:12

Health: 0/122      AC: 12    Str: 25    XL:     15   Next: 37%
Magic:  17/24      EV: 12    Int: 15    God:    the Shining One [******]
Gold:   1034       SH: 13    Dex: 17    Spells: 8/26 levels left

rFire   + . .        d - +4 scythe (heavy)
rCold   + . .        P - +0 kite shield
rNeg    + + +        c - +3 scale mail {Will+}
rPois   .            (helmet unavailable)
rElec   .            U - scarf {rC+ rF+}
rCorr   .            A - +1 pair of gloves {hurl}
SInv    +            a - +2 pair of boots {Stlth+}
Will    ++...        B - amulet of regeneration
Stlth   ++           g - +6 ring of intelligence
HPRegen 1.20/turn    x - ring of wizardry
MPRegen 0.19/turn

%: wizardry (x1)
@: lethally poisoned (0 -> -1), radiating poison, corroded, very slightly
contaminated, glowing
A: permanent stasis, dig shafts and tunnels, antennae 3, four strong arms, agile
1
a: Dig, Shaft Self, Renounce Religion, Divine Shield, Cleansing Flame, Summon
Divine Warrior, Brand Weapon With Holy Wrath


You were on level 2 of the Orcish Mines.
You worshipped the Shining One.
The Shining One was exalted by your worship.
You visited 3 branches of the dungeon, and saw 19 of its levels.

You collected 1545 gold pieces.
You spent 511 gold pieces at shops.

Inventory:

Hand Weapons
 d - a +4 heavy scythe (weapon)
 Q - a +0 scimitar of flaming
 V - the +5 hand axe of the Twisting Sybil {protect, rElec rF- Int+5}
   (You found it on level 1 of the Lair of Beasts)

   Int+5:     It affects your intelligence (+5).
   rF-:       It makes you vulnerable to fire.
   rElec:     It insulates you from electricity.
 W - the +3 flail "Jicvut" {protect, Will+++ MP+9 Int-4}
   (You found it on level 1 of the Lair of Beasts)

   Int-4:     It affects your intelligence (-4).
   Will+++:   It greatly increases your willpower.
   MP+9:      It affects your magic capacity (+9).
 Z - a +2 glaive of venom
Missiles
 I - a throwing net
 L - 9 curare-tipped darts
Armour
 a - a +2 pair of boots of stealth (worn)
 c - a +3 scale mail of willpower (worn)
 y - the +2 leather armour of the Engineer {rF+ Int+3 Stlth+}
   (You found it on level 3 of the Lair of Beasts)

   Int+3:     It affects your intelligence (+3).
   rF+:       It protects you from fire.
   Stlth+:    It makes you more stealthy.
 A - a +1 pair of gloves of hurling (worn)
 K - +0 steam dragon scales
 P - a +0 kite shield (worn)
 S - the +8 plate armour of Siener {rC+ rN++ Int-5}
   (You found it on level 8 of the Dungeon)

   Int-5:     It affects your intelligence (-5).
   rC+:       It protects you from cold.
   rN++:      It greatly protects you from negative energy.
 U - a scarf of resistance (worn)
Jewellery
 g - a +6 ring of intelligence (left hand)
 n - an amulet of magic regeneration
 s - an amulet of faith
 t - a +6 ring of intelligence
 x - a ring of wizardry (right hand)
 B - an amulet of regeneration (around neck)
 R - an amulet of guardian spirit
Wands
 h - a wand of mindburst (7)
 v - a wand of flame (38)
 J - a wand of roots (11)
Scrolls
 b - 4 scrolls of noise
 e - a scroll of identify
 i - 4 scrolls of immolation
 k - 2 scrolls of silence
 m - 2 scrolls of fear
 o - 2 scrolls of revelation
 r - 3 scrolls of brand weapon
 w - 2 scrolls of fog
 D - 2 scrolls of amnesia
 N - a scroll of enchant armour
 T - a scroll of summoning
 Y - 2 scrolls of enchant weapon
Potions
 f - 4 potions of brilliance
 l - 6 potions of mutation
 p - 3 potions of heal wounds
 u - a potion of resistance
 z - a potion of attraction
 C - 7 potions of enlightenment
 F - 2 potions of might
 G - 3 potions of lignification
 M - 4 potions of curing
 X - a potion of invisibility
Miscellaneous
 O - a phial of floods


   Skills:
 + Level 12.5 Fighting
 - Level 3.9(7.8) Axes
 + Level 10.5(10.9) Polearms
 - Level 7.4 Armour
 - Level 5.3 Dodging
 - Level 7.2 Stealth
 + Level 11.9 Shields
 + Level 6.0 Spellcasting
 - Level 3.3 Conjurations
 - Level 7.0 Earth Magic
 - Level 8.3 Alchemy
 - Level 11.2 Invocations
 - Level 8.2 Evocations


You had 8 spell levels left.
You knew the following spells:

 Your Spells              Type           Power      Damage    Failure   Level
a - Stone Arrow           Conj/Erth      40%        3d9       8%          3
b - Brom's Barrelling Bo  Conj/Erth      20%        2d4       24%         4
c - Passwall              Erth           25%        N/A       3%          3
d - Summon Blazeheart Go  Fire/Summ      4%         N/A       86%         4
e - Olgreb's Toxic Radia  Alch           29%        N/A       6%          4

Your spell library contained the following spells:

 Spells                   Type           Power      Damage    Failure   Level
 Sandblast                Erth           50%        2d12      1%          1
 Sting                    Conj/Alch      88%        1d8       1%          1
 Mercury Vapours          Alch/Air       34%        N/A       6%          2
 Kiss of Death            Conj/Necr      36%        2d8       11%         1
 Static Discharge         Conj/Air       18%        3-4/arc   16%         2
 Fulminant Prism          Conj/Alch      11%        3d8       17%         4
 Apportation              Tloc           8%         N/A       21%         1
 Necrotise                Necr           16%        1d4       21%         1
 Summon Small Mammal      Summ           16%        N/A       21%         1
 Call Canine Familiar     Summ           4%         N/A       50%         3
 Confusing Touch          Hex            4%         N/A       50%         3
 Sigil of Binding         Hex            4%         N/A       50%         3
 Volatile Blastmotes      Fire/Tloc      8%         2d10      50%         3
 Iskenderun's Mystic Bla  Conj/Tloc      9%         2d4       65%         4
 Eringya's Noxious Bog    Alch           14%        4d6       65%         6
 Airstrike                Air            2%         2d(1-17)  86%         4
 Dimensional Bullseye     Hex/Tloc       2%         N/A       86%         4
 Dispel Undead            Necr           4%         3d7       86%         4
 Passage of Golubria      Tloc           4%         N/A       86%         4
 Summon Lightning Spire   Summ/Air       4%         N/A       86%         4
 Silence                  Hex/Air        2%         N/A       99%         5
 Summon Forest            Summ/Tloc      2%         N/A       99%         5
 Orb of Destruction       Conj           7%         9d6       100%        7
 Spellforged Servitor     Conj/Summ      4%         N/A       100%        7
 Summon Hydra             Summ           2%         N/A       100%        7
 Lehudib's Crystal Spear  Conj/Erth      10%        10d4      100%        8


Dungeon Overview and Level Annotations

Branches:
Dungeon (12/15)            Temple (0/1) D:5            Lair (5/5) D:9
  Swamp (0/4) Lair:2       Spider (0/4) Lair:2        Slime (0/5) Lair:5
    Orc (2/2) D:12            Elf (0/3) Orc:2

Altars:
Cheibriados
Elyvilon
Fedhas
Kikubaaqudgha
Makhleb
Nemelex Xobeh
Okawaru
Qazlal
Sif Muna
Trog
Uskayaw
Vehumet
Yredelemnul
The Shining One
Jiyva

Shops:
D:6 ([   D:9 !


Innate Abilities, Weirdness & Mutations

You cannot be hasted, slowed, berserked, paralysed or teleported.
You can dig through walls and to a lower floor.
You have a pair of large antennae on your head. (SInv)
Your four strong arms can wield two-handed weapons with a shield.
You are agile. (Dex +4, Str/Int -1)


Message History

Confirm with . or Enter, or press ? or * to list all spells.
You miscast Olgreb's Toxic Radiance.
You are very lightly contaminated with residual magic.
Nothing appears to happen.
You feel very sick. You block the rust devil's attack.
You block the orc wizard's attack.
Unknown command.
Casting: Olgreb's Toxic Radiance (dangerous; 6% risk of failure)
Confirm with . or Enter, or press ? or * to list all spells.
You begin to radiate toxic energy.
The sixfirhy is poisoned.
The orc priest is poisoned.
The orc wizard is poisoned. x2
The orc sorcerer looks even sicker.
The orc is poisoned.
The orc high priest is poisoned.
The orc priest is poisoned.
The sixfirhy looks even sicker.
The orc wizard looks even sicker.
The orc sorcerer looks as sick as possible!
The orc looks even sicker.
The orc high priest looks even sicker.
You feel sick.
You kill the orc!
The rust devil hits you. The rust devil corrodes you!
An orc sorcerer comes into view. It is wielding a +0 dagger.
The orc sorcerer closely misses you.
The ynoxinul hits you but does no damage.
Unknown command.
Unknown command.
Unknown command.
The orc priest looks even sicker.
The orc sorcerer looks as sick as possible!
The orc high priest looks even sicker.
You feel sick. The sixfirhy hits you.
* * * LOW HITPOINT WARNING * * *
The sixfirhy shocks you!
* * * LOW HITPOINT WARNING * * *
You block the sixfirhy's attack. The sixfirhy hits you.
* * * LOW HITPOINT WARNING * * *
The sixfirhy shocks you!
* * * LOW HITPOINT WARNING * * *
The rust devil attacks as it pursues you!
You block the rust devil's attack.
The orc high priest mumbles some strange prayers to Beogh against you.
Beogh smites you!
You die...

..................#.#.....#
...#.....................#
....................#...#
........................#{
....................))..#
.................o)#.o..#{,.
................3)o.##..#,..
.#............##4.)###o.#..#
..............##@3.oo)3.o..#
..............#.....o)))...#
....................))))...#
.......#...........#.#).#..#
.....................)..#,o.
........................# {
#.......................#
#.......................#
..........>.............#


You could see an orc high priest (very poisoned), a rust devil (summoned), a
sixfirhy (summoned, very poisoned), 2 ynoxinuls, an orc sorcerer (extremely
poisoned), 3 orc priests and 2 orc wizards.

Vanquished Creatures
  The ghost of Ceyvaan the Thaumaturge, a journeyman DEFE of Sif Muna (Lair:3)
  3 hydras
  A centaur warrior (D:8)
  2 catoblepae
  2 boulder beetles
  4 two-headed ogres
  A deep troll shaman (Lair:5)
  The ghost of fabreeze the Fighter, a novice HuSh of Gozag (D:12)
  5 death yaks (Lair:5)
  An orc high priest (Orc:2)
  Sonja (Lair:5)
  2 skysharks
  A goliath frog (Lair:4)
  A lindwurm (Lair:5)
  A bog body (Lair:2)
  An orc knight (Orc:1)
  3 ugly things
  2 cyclopes (D:11)
  2 orc sorcerers (Orc:2)
  9 elephants
  2 black mambas
  A torpor snail (Lair:2)
  13 cane toads
  A gargoyle (D:8)
  2 unseen horrors
  2 kobold demonologists (D:12)
  3 rime drakes
  An efreet (D:8)
  4 komodo dragons
  4 polar bears
  Grinder (D:4)
  18 blink frogs
  8 dream sheep (Lair:5)
  10 slime creatures
  A shadow (D:9)
  Sigmund (D:4)
  5 wraiths
  64 yaks
  3 wyverns
  3 wargs
  3 steam dragons
  7 vampire mosquitoes (D:12)
  3 basilisks
  2 redbacks (Lair:2)
  2 swamp worms (Lair:2)
  An acid dragon (D:8)
  13 water moccasins
  10 orc warriors
  A sky beast (D:7)
  3 black bears
  12 wolves
  7 ogres
  3 centaurs
  2 phantoms
  3 kobold brigands (D:12)
  Blork the orc (D:6)
  6 bullfrogs
  3 gnoll sergeants
  A scorpion (D:6)
  14 wights
  A killer bee (D:8)
  7 howler monkeys
  An electric eel (Lair:2)
  A hound (D:5)
  2 jellies
  11 orc priests
  2 gnoll boudas
  32 orc wizards
  2 iguanas (D:6)
  2 sleepcaps
  12 hell rats
  23 gnolls
  8 adders
  A shadow imp (D:8)
  2 white imps (D:7)
  2 dart slugs
  A ribbon worm (D:3)
  40 orcs
  6 ball pythons
  9 bats
  6 endoplasms
  4 giant cockroaches
  9 goblins
  11 hobgoblins
  5 jackals
  3 quokkas
  A frilled lizard (D:2)
  10 kobolds
  6 rats
508 creatures vanquished.

Vanquished Creatures (collateral kills)
  Rupert (Lair:5)
  An ogre (D:5)
2 creatures vanquished.

Vanquished Creatures (others)
  An orc wizard (Orc:2)
1 creature vanquished.

Grand Total: 511 creatures vanquished

Notes
Turn   | Place    | Note
-------+----------+-------------------------------------------
     0 | D:1      | hikkokomori the Formicid Fighter began the quest for the
                  | Orb.
     0 | D:1      | Reached XP level 1. HP: 18/18 MP: 1/1
    88 | D:1      | Reached XP level 2. HP: 24/24 MP: 2/2
   537 | D:1      | Reached XP level 3. HP: 29/29 MP: 3/3
   959 | D:2      | Found a faded altar of an unknown god.
  1002 | D:2      | Prayed at the altar of an unknown god.
  1002 | D:2      | Became a worshipper of the Shining One
  1002 | D:2      | Reached * piety under the Shining One
  1308 | D:2      | Reached XP level 4. HP: 37/37 MP: 4/4
  1875 | D:3      | Reached skill level 1 in Invocations
  1887 | D:3      | Learned a level 3 spell: Stone Arrow
  2110 | D:3      | Found a bloodstained altar of Trog.
  2383 | D:4      | Found a blossoming altar of Fedhas.
  2421 | D:4      | Reached skill level 4 in Fighting
  2421 | D:4      | Reached XP level 5. HP: 42/42 MP: 5/5
  2425 | D:4      | Noticed Grinder
  2454 | D:4      | HP: 2/42 [Grinder (5)]
  2469 | D:4      | Killed Grinder
  2470 | D:4      | Reached skill level 5 in Shields
  2470 | D:4      | Reached skill level 1 in Spellcasting
  2470 | D:4      | Reached XP level 6. HP: 20/49 MP: 5/8
  2882 | D:4      | Identified the +3 robe of a ziggurat {rN+ Int+2}
  3013 | D:4      | Reached XP level 7. HP: 46/55 MP: 9/9
  3028 | D:4      | Reached ** piety under the Shining One
  3142 | D:4      | Noticed Sigmund
  3143 | D:4      | Gained mutation: Your spells are a little harder to cast,
                  | but a little more powerful. [potion of mutation]
  3143 | D:4      | Lost mutation: Your spells are a little harder to cast, but
                  | a little more powerful. [potion of mutation]
  3143 | D:4      | Gained mutation: You are agile. (Dex +4, Str/Int -1)
                  | [potion of mutation]
  3154 | D:4      | Killed Sigmund
  3155 | D:4      | Reached skill level 5 in Fighting
  3155 | D:4      | Reached skill level 5 in Armour
  3216 | D:4      | Reached XP level 8. HP: 62/62 MP: 4/12
  3410 | D:4      | Found a burning altar of Makhleb.
  3560 | D:4      | Reached skill level 1 in Polearms
  3596 | D:4      | Found a shimmering blue altar of Sif Muna.
  3873 | D:5      | Entered Level 5 of the Dungeon
  3942 | D:5      | Found a glowing golden altar of the Shining One.
  4105 | D:5      | Found a staircase to the Ecumenical Temple.
  4108 | D:5      | Reached skill level 1 in Conjurations
  4108 | D:5      | Reached skill level 1 in Earth Magic
  4133 | D:5      | Identified the +3 dagger of Doom {drain, MP+9}
  4498 | D:6      | Found a radiant altar of Vehumet.
  4519 | D:6      | Found an ancient bone altar of Kikubaaqudgha.
  4621 | D:6      | Found Raci's Weapon Shop.
  4695 | D:6      | Reached skill level 6 in Fighting
  4750 | D:6      | Noticed Blork the orc
  4751 | D:6      | Reached XP level 9. HP: 69/69 MP: 9/13
  4755 | D:6      | Killed Blork the orc
  5134 | D:6      | Found Eczuph's Antique Armour Emporium.
  5151 | D:6      | Bought a pair of glowing boots for 247 gold pieces
  5261 | D:7      | Reached skill level 1 in Stealth
  5419 | D:7      | Reached skill level 1 in Dodging
  5461 | D:7      | Found a sparkling altar of Nemelex Xobeh.
  5986 | D:7      | Learned a level 4 spell: Brom's Barrelling Boulder
  5990 | D:7      | Learned a level 3 spell: Passwall
  5995 | D:7      | Learned a level 4 spell: Summon Blazeheart Golem
  6399 | D:8      | Reached skill level 7 in Fighting
  6430 | D:8      | Noticed a centaur warrior
  6431 | D:8      | Noticed a brown ugly thing
  6432 | D:8      | Reached *** piety under the Shining One
  6432 | D:8      | Noticed a gargoyle
  6432 | D:8      | Noticed a boulder beetle
  6437 | D:8      | You fall into a shaft and drop 3 floors!
  6486 | D:11     | Reached XP level 10. HP: 79/79 MP: 7/14
  6558 | D:11     | Noticed a cyclops
  6562 | D:11     | Noticed a cyclops
  6589 | D:11     | Noticed an unseen horror
  6593 | D:11     | Killed an unseen horror
  6631 | D:11     | Killed a cyclops
  6632 | D:11     | Reached skill level 5 in Earth Magic
  6638 | D:11     | Killed a cyclops
  6639 | D:11     | Reached skill level 5 in Polearms
  6639 | D:11     | Reached skill level 5 in Stealth
  6761 | D:11     | Noticed a red ugly thing
  7020 | D:10     | Entered Level 10 of the Dungeon
  7052 | D:10     | Reached skill level 5 in Invocations
  7099 | D:10     | Reached skill level 8 in Fighting
  7291 | D:10     | Found a hide-covered altar of Uskayaw.
  7357 | D:10     | Reached XP level 11. HP: 66/86 MP: 15/15
  7376 | D:10     | Found a stormy altar of Qazlal.
  7485 | D:10     | Noticed a two-headed ogre
  7504 | D:10     | Killed a two-headed ogre
  8021 | D:9      | Found a basalt altar of Yredelemnul.
  8037 | D:9      | Found Daorul's Distillery.
  8137 | D:9      | Reached **** piety under the Shining One
  8200 | D:9      | Found a white marble altar of Elyvilon.
  8319 | D:9      | Found a staircase to the Lair.
  8593 | D:9      | Found an iron altar of Okawaru.
  8638 | D:9      | Found a snail-covered altar of Cheibriados.
  8829 | D:8      | Reached skill level 5 in Dodging
  8971 | D:8      | Killed a brown ugly thing
  9002 | D:8      | Reached skill level 9 in Fighting
  9076 | D:8      | Reached skill level 1 in Evocations
  9237 | D:8      | Killed a centaur warrior
  9238 | D:8      | Reached XP level 12. HP: 64/95 MP: 16/18
  9266 | D:8      | Identified the +8 plate armour of Siener {rC+ rN++ Int-5}
  9294 | D:8      | Killed a boulder beetle
  9551 | D:11     | Noticed a two-headed ogre
  9556 | D:11     | Killed a two-headed ogre
  9717 | D:11     | Noticed a five-headed hydra
  9734 | D:11     | Killed a one-headed hydra
  9824 | D:12     | Found a staircase to the Orcish Mines.
  9854 | D:12     | Noticed a two-headed ogre
  9859 | D:12     | Killed a two-headed ogre
 10039 | D:12     | Reached skill level 5 in Spellcasting
 10163 | D:12     | Found a runed translucent door.
 10163 | D:12     | Noticed fabreeze's ghost (novice HuSh)
 10232 | D:12     | Reached ***** piety under the Shining One
 10305 | D:12     | Reached skill level 10 in Fighting
 10395 | D:12     | Noticed a boulder beetle
 10717 | D:12     | Killed fabreeze's ghost
 10718 | D:12     | Reached XP level 13. HP: 103/103 MP: 19/21
 10763 | D:12     | Learned a level 4 spell: Olgreb's Toxic Radiance
 10844 | Lair:1   | Entered Level 1 of the Lair of Beasts
 11013 | Lair:1   | Reached skill level 1 in Alchemy
 11161 | Lair:1   | Reached skill level 5 in Evocations
 11381 | Lair:1   | Identified the +5 hand axe of the Twisting Sybil {protect,
                  | rElec rF- Int+5}
 11400 | Lair:1   | Identified the +3 flail "Jicvut" {protect, Will+++ MP+9
                  | Int-4}
 11589 | Lair:2   | Noticed a five-headed hydra
 11598 | Lair:2   | Killed a one-headed hydra
 11979 | Lair:2   | Noticed a four-headed hydra
 11987 | Lair:2   | Killed a one-headed hydra
 12106 | Lair:2   | Found a staircase to the Swamp.
 12140 | Lair:2   | Reached skill level 11 in Fighting
 12152 | Lair:2   | Reached skill level 5 in Alchemy
 12284 | Lair:2   | Found a hole to the Spider Nest.
 12536 | Lair:2   | Reached XP level 14. HP: 113/113 MP: 22/22
 12880 | Lair:3   | Identified the +2 leather armour of the Engineer {rF+ Int+3
                  | Stlth+}
 12982 | Lair:3   | Reached skill level 10 in Invocations
 12988 | Lair:3   | Reached skill level 10 in Shields
 13002 | Lair:3   | Identified the +1 dagger of Rozuloq {speed, +Blink rElec
                  | rC- Int+5 Dex-4}
 13298 | Lair:3   | Found a runed translucent door.
 13299 | Lair:3   | Noticed Ceyvaan's ghost (journeyman DEFE)
 13623 | Lair:3   | Killed Ceyvaan's ghost
 13805 | Lair:4   | HP: 5/113 [skyshark (22)]
 14676 | Lair:5   | Entered Level 5 of the Lair of Beasts
 14676 | Lair:5   | Noticed Sonja
 14684 | Lair:5   | Killed Sonja
 15047 | Lair:5   | Found a viscous altar of Jiyva.
 15055 | Lair:5   | Found a staircase to the Slime Pits.
 15259 | Lair:5   | Reached skill level 12 in Fighting
 15451 | Lair:5   | Reached skill level 10 in Polearms
 15592 | Lair:5   | Reached XP level 15. HP: 120/120 MP: 21/23
 15777 | Lair:5   | Reached ****** piety under the Shining One
 15933 | Lair:5   | Noticed Rupert
 15940 | Lair:5   | Killed Rupert
 16615 | D:6      | Bought a runed scarf for 264 gold pieces
 16748 | Orc:1    | Entered Level 1 of the Orcish Mines
 17213 | Orc:2    | Entered Level 2 of the Orcish Mines
 17213 | Orc:2    | Found a staircase to the Elven Halls.
 17456 | Orc:2    | Killed from afar by an orc high priest

Illustrated notes

Levels and vault maps discovered:
D:1:      minmay_arrival_jagged, layout_basic, minmay_misc_feat_tiny
D:2:      minmay_razor_zed, layout_rooms, nicolae_ecumenical_pavilion,
          dreamdust_mushroom_princess, chequers_serial_rivers_micro_e
D:3:      layout_loops_ring, mainiacjoe_overflow_brackets
D:4:      layout_layer_cave, lightli_temple_of_fire,
          nicolae_sif_muna_little_library, old_standard_altar, uniq_sigmund,
          uniq_grinder
D:5:      layout_basic, mainiacjoe_overflow_24_doors,
          minmay_temple_entry_slanted, st_stairs_14, minmay_misc_feat_rows
D:6:      layout_loops_ring, vehumet_altar_wand_db,
          nicolae_overflow_crystal_walls, serial_shops, shop,
          nicolae_lakefront_shop, uniq_blork_the_orc
D:7:      layout_basic, nemelex_xobeh_ov_fountains_minmay
D:8:      minmay_the_grid_four_pointed_star
          [minmay_the_grid_triangle_9x9_wacky_v,
          minmay_the_grid_triangle_9x9_zippers_vertical,
          minmay_the_grid_triangle_9x9_impossible_snake,
          minmay_the_grid_triangle_9x9_steps, minmay_the_grid_prize_trominoes],
          layout_rooms
D:9:      layout_basic, mainiacjoe_overflow_swirl, elyvilon_altar_3,
          lemuel_crystal_altar, serial_shops, shop, nicolae_underground_beach
D:10:     layout_loops_cross, mainiacjoe_overflow_paths,
          mainiacjoe_overflow_small_starburst
D:11:     layout_basic
D:12:     layout_gridville, orc_0_dummy, ebering_ghost_inner_flame
Lair:1:   layout_roguey, beast_lair_carwin_7
Lair:2:   layout_cave_pods, nicolae_swamp_entry_splash_gauntlet,
          spider_nest_entry_webs
Lair:3:   layout_chaotic_city, gammafunk_ghost_grave
Lair:4:   layout_hall_layers, hellmonk_talismancer, infiniplex_staircase_pool_2
Lair:5:   grunt_lair_end_beastmaster, layout_layer_cave,
          dpeg_slime_entry_corner, uniq_rupert, uniq_sonja
Orc:1:    layout_diamond_mine
Orc:2:    st_orc_mages, layout_caves, basic_altar, gammafunk_ghost_grave

Skill      XL: |  1  2  3  4  5  6  7  8  9 10 11 12 13 14 15 |
---------------+----------------------------------------------+-----
Invocations    | 1 2 3 5 7 8 9 11 | 11.2
Armour         | 4 5 6 7 |  7.4
Fighting       | 4 5 6 7 8 9 10 11 12 | 12.5
Axes           | 3 |  3.9
Shields        | 5 6 7 9 11 | 11.9
Spellcasting   | 1 2 3 4 5 6 |  6.0
Polearms       | 2 4 5 6 7 9 10 | 10.5
Conjurations   | 1 3 |  3.3
Earth Magic    | 2 4 6 7 |  7.0
Stealth        | 3 5 7 |  7.2
Dodging        | 2 4 5 |  5.3
Evocations     | 1 4 6 7 8 |  8.2
Alchemy        | 5 7 8 |  8.3

Action                     |  1- 3 |  4- 6 |  7- 9 | 10-12 | 13-15 || total
---------------------------+-------+-------+-------+-------+-------++-------
  Melee: War axe           |    71 |       |       |       |       ||    71
         Short sword       |    17 |   145 |    24 |       |       ||   186
         Halberd           |       |       |   113 |   296 |   575 ||   984
         Scimitar          |       |       |       |     7 |    11 ||    18
   Cast: Stone Arrow       |       |       |    18 |    18 |     3 ||    39
         Olgreb's Toxic Ra |       |       |       |       |    21 ||    21
 Invoke: Divine Shield     |       |     2 |     1 |     4 |     3 ||    10
         Cleansing Flame   |       |       |       |     2 |       ||     2
         Summon Divine War |       |       |       |       |     1 ||     1
Ability: Dig               |       |       |     1 |       |     3 ||     4
         Shaft Self        |       |       |     1 |       |       ||     1
  Evoke: Wand              |       |       |       |     2 |     1 ||     3
    Use: Potion            |       |     2 |     2 |     2 |     3 ||     9
         Scroll            |       |       |    16 |     1 |     7 ||    24
 Armour: Scale mail        |    83 |    79 |       |       |    49 ||   211
         Robe              |       |    11 |    96 |    54 |       ||   161
         Steam dragon scal |       |       |       |    71 |       ||    71
         Plate armour      |       |       |       |   143 |   264 ||   407
         Leather armour    |       |       |       |       |   208 ||   208
  Dodge: Dodged            |    39 |    71 |    47 |   151 |   264 ||   572
  Block: Buckler           |    27 |    43 |    39 |    60 |       ||   169
         Kite shield       |       |       |       |   145 |   532 ||   677
